 Dungeon Crawl Stone Soup version 0.31-a0-506-g3d79149578 (webtiles) character file.

Game seed: 14885651434372449407

1768154 GordonOverkill the Slayer (level 26, 194/194 HPs)
             Began as an Octopode Delver on Aug 9, 2023.
             Was the Champion of Makhleb.
             Escaped with the Orb
             ... and 3 runes!
             The game lasted 01:46:11 (58898 turns).

GordonOverkill the Slayer (Octopode Delver)        Turns: 58898, Time: 01:46:11

Health: 194/194    AC: 11    Str: 36    XL:     26   Next: 38%
Magic:  30/30      EV: 22    Int: 14    God:    Makhleb [******]
Gold:   7706       SH: 27    Dex: 12    Spells: 23/31 levels left

rFire   + +          .
                       - Unarmed
rCold   + . .        n - +6 tower shield
rNeg    . . .        i - +5 hat "Uhaffeik" {rC+ Str+3}
rPois   +            I - amulet of reflection
rElec   .            q - ring of see invisible
rCorr   .            P - +6 ring of strength
SInv    +            J - +5 ring of evasion
Will    +++..        s - +6 ring of strength
Stlth   ++           L - ring of protection from fire
HPRegen 0.52/turn    S - +4 ring of protection
MPRegen 0.22/turn    k - ring of willpower
                     C - ring of willpower

%: reflection
@: studying Earth Magic
A: almost no armour, amphibious, 8 rings, camouflage 1, gelatinous body 1,
(nimble swimmer 1), tentacles, tentacle spike 2, clumsy 1, fire resistance 1,
frail 1, poison resistance, screaming 2, shaggy fur 1
0: Orb of Zot
}: 3/15 runes: decaying, silver, gossamer
a: Renounce Religion, Minor Destruction, Lesser Servant of Makhleb, Major
Destruction, Greater Servant of Makhleb


You escaped.
You worshipped Makhleb.
Makhleb was exalted by your worship.
You visited 8 branches of the dungeon, and saw 44 of its levels.
You also visited: Sewer.

You collected 11828 gold pieces.
You spent 4122 gold pieces at shops.

Inventory:

Missiles
 f - 2 throwing nets
Armour
 i - the +5 hat "Uhaffeik" (worn) {rC+ Str+3}
   (You acquired it on level 6 of the Dungeon)

   Str+3:     It affects your strength (+3).
   rC+:       It protects you from cold.
 n - a +6 tower shield (worn)
Jewellery
 e - an amulet of regeneration
 k - a ring of willpower (on tentacle)
 q - a ring of see invisible (left tentacle)
 s - a +6 ring of strength (on tentacle)
 C - a ring of willpower (on tentacle)
 H - a +5 ring of evasion
 I - an amulet of reflection (around mantle)
 J - a +5 ring of evasion (on tentacle)
 L - a ring of protection from fire (on tentacle)
 P - a +6 ring of strength (right tentacle)
 S - a +4 ring of protection (on tentacle)
 Y - a ring of magical power
Talismans
 g - a dragon-blood talisman
 V - a granite talisman
Wands
 c - a wand of charming (46)
 A - a wand of iceblast (51)
 F - a wand of quicksilver (5)
 M - a wand of digging (5)
 O - a wand of mindburst (38)
 U - a wand of flame (10)
Scrolls
 b - 5 scrolls of fog
 j - 6 scrolls of amnesia
 o - 15 scrolls of teleportation
 u - 4 scrolls of revelation
 w - 2 scrolls of fear
 y - 10 scrolls of vulnerability
 B - 3 scrolls of silence
 E - 5 scrolls of blinking
 K - 2 scrolls of poison
 N - a scroll of brand weapon
 T - 28 scrolls of identify
Potions
 a - 2 potions of invisibility
 d - a potion of magic
 h - a potion of berserk rage
 l - 9 potions of brilliance
 m - 11 potions of heal wounds
 p - 23 potions of curing
 r - 11 potions of enlightenment
 t - 3 potions of mutation
 x - 7 potions of haste
 z - 4 potions of resistance
 D - 3 potions of cancellation
 G - 6 potions of ambrosia
 Q - 6 potions of lignification
 Z - 2 potions of might
Miscellaneous
 v - a tin of tremorstones (2/2)
 R - a sack of spiders
 W - a phantom mirror
 X - a phial of floods


   Skills:
 - Level 26.4 Fighting
 - Level 2.6 Short Blades
 - Level 1.0 Throwing
 - Level 14.0 Dodging
 - Level 12.0 Stealth
 - Level 12.0 Shields
 + Level 24.3 Unarmed Combat
 - Level 3.0 Spellcasting
 - Level 3.0 Transmutations
 - Level 3.0 Earth Magic
 - Level 10.0 Invocations
 - Level 15.0 Evocations
 - Level 16.0 Shapeshifting


You had 23 spell levels left.
You knew the following spells:

 Your Spells              Type           Power      Damage    Failure   Level
a - Passwall              Tmut/Erth      8%         N/A       21%         2
b - Apportation           Tloc           4%         N/A       41%         1
c - Borgnjor's Vile Clut  Necr/Erth      3%         N/A       100%        5

Your spell library contained the following spells:

 Spells                   Type           Power      Damage    Failure   Level
 Sandblast                Erth           20%        2d7       13%         1
 Wereblood                Tmut           10%        N/A       21%         2
 Freeze                   Ice            8%         1d3       41%         1
 Kiss of Death            Conj/Necr      8%         2d6       41%         1
 Magic Dart               Conj           8%         1d3       41%         1
 Necrotise                Necr           8%         1d4       41%         1
 Shock                    Conj/Air       8%         1d3       41%         1
 Summon Small Mammal      Summ           8%         N/A       41%         1
 Blink                    Tloc           4%         N/A       56%         2
 Call Imp                 Summ           4%         N/A       56%         2
 Cigotuvi's Dreadful Rot  Necr/Pois/Air  4%         N/A       56%         2
 Ensorcelled Hibernation  Hex/Ice        4%         N/A       56%         2
 Lesser Beckoning         Tloc           4%         N/A       56%         2
 Poisonous Vapours        Pois/Air       4%         N/A       56%         2
 Scorch                   Fire           4%         2d5       56%         2
 Sublimation of Blood     Necr           2%         N/A       56%         2
 Stone Arrow              Conj/Erth      12%        3d7       58%         3
 Petrify                  Tmut/Erth      10%        N/A       78%         4
 Call Canine Familiar     Summ           2%         N/A       80%         3
 Confusing Touch          Hex            2%         N/A       80%         3
 Frozen Ramparts          Ice            4%         1d1       80%         3
 Gell's Gravitas          Tloc           2%         N/A       80%         3
 Hailstorm                Conj/Ice       2%         3d3       80%         3
 Mephitic Cloud           Conj/Pois/Air  2%         N/A       80%         3
 Ozocubu's Armour         Ice            2%         N/A       80%         3
 Portal Projectile        Hex/Tloc       4%         N/A       80%         3
 Summon Guardian Golem    Hex/Summ       2%         N/A       80%         3
 Teleport Other           Tloc           2%         N/A       80%         3
 Vampiric Draining        Necr           2%         2d6       80%         3
 Volatile Blastmotes      Fire/Tloc      4%         2d10      80%         3
 Leda's Liquefaction      Hex/Erth       3%         N/A       94%         4
 Airstrike                Air            1%         2d(1-17)  99%         4
 Anguish                  Hex/Necr       1%         N/A       99%         4
 Cause Fear               Hex            1%         N/A       99%         4
 Dispel Undead            Necr           2%         3d7       99%         4
 Flame Wave               Conj/Fire      2%         2d4       99%         4
 Fulminant Prism          Conj/Hex       1%         3d5       99%         4
 Iskenderun's Mystic Bla  Conj/Tloc      2%         2d3       99%         4
 Manifold Assault         Tloc           2%         N/A       99%         4
 Summon Ice Beast         Ice/Summ       2%         N/A       99%         4
 Summon Lightning Spire   Summ/Air       2%         N/A       99%         4
 Agony                    Necr           2%         N/A       100%        5
 Alistair's Intoxication  Tmut/Pois      4%         N/A       100%        5
 Fireball                 Conj/Fire      1%         3d3       100%        5
 Freezing Cloud           Conj/Ice/Air   1%         6-21      100%        5
 Irradiate                Conj/Tmut      3%         3d12      100%        5
 Iskenderun's Battlesphe  Conj           2%         2d6       100%        5
 Metabolic Englaciation   Hex/Ice        1%         N/A       100%        5
 Summon Forest            Summ/Tloc      1%         N/A       100%        5
 Summon Mana Viper        Hex/Summ       2%         N/A       100%        5
 Conjure Ball Lightning   Conj/Air       1%         3x3d6     100%        6
 Eringya's Noxious Bog    Tmut/Pois      3%         4d6       100%        6
 Simulacrum               Ice/Necr       1%         N/A       100%        6
 Summon Cactus Giant      Summ           1%         N/A       100%        6
 Enfeeble                 Hex            1%         N/A       100%        7
 Haunt                    Necr/Summ      1%         N/A       100%        7
 Orb of Destruction       Conj           1%         9d5       100%        7
 Ozocubu's Refrigeration  Ice            1%         4d7       100%        7
 Spellforged Servitor     Conj/Summ      1%         N/A       100%        7
 Summon Hydra             Summ           1%         N/A       100%        7
 Discord                  Hex            1%         N/A       100%        8
 Disjunction              Tloc           1%         N/A       100%        8
 Lehudib's Crystal Spear  Conj/Erth      3%         10d2      100%        8
 Dragon's Call            Summ           1%         N/A       100%        9
 Animate Armour           Summ/Erth      Unusable   N/A       N/A         4

Dungeon Overview and Level Annotations

Branches:
Dungeon (15/15)            Temple (0/1) D:7            Lair (5/5) D:10
  Swamp (4/4) Lair:3       Spider (4/4) Lair:3        Slime (0/5) Lair:4
    Orc (2/2) D:10            Elf (0/3) Orc:2        Vaults (5/5) D:14
  Crypt (0/3) Vaults:2     Depths (4/4) D:15            Zot (5/5) Depths:4
  Sewer (visited)

Altars:
Gozag
Makhleb
Okawaru
Ru
Sif Muna
Trog
Uskayaw
Vehumet
Wu Jian
Zin
Jiyva

Shops:
D:9 ?   D:13 (   Orc:2 *?=?=   Vaults:4 **(

Portals:
Hell: Depths:1 Depths:2 Depths:3 Depths:4
Abyss: Depths:3
Pandemonium: Depths:2
Ziggurat: Depths:4

Annotations:
D:11 exclusion: orange crystal statue
Vaults:1 2 transporters
Zot:1 3 exclusions
Zot:3 2 exclusions


Innate Abilities, Weirdness & Mutations

You cannot wear most types of armour.
You are amphibious.
You can wear up to eight rings at the same time.
Your skin changes colour to match your surroundings (Stealth+).
Your rubbery body absorbs attacks. (AC +1, EV +1)
((You are camouflaged when in or above water. (Stealth+)))
You have tentacles for arms and can constrict up to eight enemies at once.
One of your tentacles bears a nasty spike.
You are clumsy. (Dex -2)
Your flesh is heat resistant. (rF+)
You are frail. (-10% HP)
Your system is resistant to poisons. (rPois)
You frequently scream uncontrollably at your foes.
You are covered in fur. (AC +1)


Message History

The hellwing hits you but does no damage. x2
The hellwing closely misses you.
The hellwing hits you but does no damage.
You hit the hellwing.
The hellwing is lightly wounded.
You maul the hellwing!!!!
You kill the hellwing!
Makhleb accepts your kill.
There is a stone staircase leading up here.
You fly upwards.
There is a stone staircase leading down here.
What level of the Dungeon? (default 1, ? - help)
There is an open door here.
There is a stone staircase leading up here.
You fly upwards.
There is a stone staircase leading down here.
There is a stone staircase leading up here.
You fly upwards.
HP restored.
There is a stone staircase leading down here.
You see here a +0 robe.
You see here 5 stones.
A chaos spawn comes into view.
You roar at the chaos spawn!
The chaos spawn gives a hideous shriek!
There is a stone staircase leading up here.
You fly upwards.
There is a stone staircase leading down here.
What level of the Dungeon? (default 1, ? - help)
There is a stone staircase leading up here.
You fly upwards.
There is a stone staircase leading down here.
You see here a +0 short sword.
There is a staircase leading out of the dungeon here.
You begin untransforming.
You continue untransforming. x3
Your transformation has ended.
HP restored.
The +5 hat "Uhaffeik" {rC+ Str+3} unmelds from your body.
Your +6 tower shield unmelds from your body.
Unknown command.
You have escaped!

#.#....8##...#
#.......##8..##
##............#
###.........##
##.......##
###.....##
##.....#
###...# ##@##
###


There were no monsters in sight!

Vanquished Creatures
  3 orbs of fire
  5 ancient liches
  8 dread liches
  3 juggernauts
  Margery (Depths:4)
  5 curse toes
  A Killer Klown (Zot:5)
  the Lernaean hydra (Swamp:4)
  7 caustic shrikes
  14 golden dragons
  Norris (Depths:1)
  A Tzitzimitl (Zot:5)
  2 Brimstone Fiends
  3 electric golems
  18 tentacled monstrosities
  Jorgrun (D:12)
  2 Ice Fiends
  Mlioglotl (Spider:1)
  3 walking earthen tomes
  27 Orb Guardians
  2 liches
  Asterion (Spider:1)
  6 quicksilver dragons
  5 titans (Vaults:5)
  11 death cobs
  Gastronok (Lair:1)
  2 Executioners (Depths:2)
  3 sphinxes
  A thorn hunter (Swamp:2)
  Kirke (Lair:4)
  9 shadow dragons
  Aizul (Depths:1)
  A draconian monk (Zot:4)
  4 tengu reavers
  Donald (Spider:3)
  8 storm dragons
  A rockslime (Zot:5)
  5 fire giants
  9 frost giants
  18 vault wardens
  5 iron dragons
  2 deep elf sorcerers (Vaults:5)
  4 emperor scorpions
  An orc warlord (Vaults:4)
  7 draconian knights
  5 draconian scorchers
  A balrug (Depths:2)
  A ghost moth (Spider:4)
  4 draconian shifters
  2 formless jellyfish (Vaults:1)
  2 spriggan defenders
  3 war gargoyles
  2 draconian annihilators
  A reaper (D:15)
  19 very ugly things
  9 draconian stormcallers
  12 ironbound preservers
  12 ironbound thunderhulks
  3 vampire knights
  4 eleionomae
  14 stone giants
  Nessos (D:14)
  Azrael (Spider:2)
  11 green draconians
  9 red draconians
  7 white draconians
  2 lorocyprocas (Depths:2)
  9 spark wasps
  5 bunyips
  7 deep elf demonologists
  4 dire elephants (Vaults:1)
  2 deep elf annihilators
  3 yellow draconians
  9 black draconians
  14 purple draconians
  A deep elf death mage (Vaults:3)
  2 green deaths (Swamp:4)
  8 ettins
  An eidolon (Vaults:2)
  2 crystal guardians (Vaults:3)
  A blizzard demon (Depths:2)
  2 great orbs of eyes
  Josephine (D:14)
  A merfolk impaler (Depths:1)
  5 deep elf high priests
  9 yaktaur captains
  2 jiangshi (Depths:2)
  4 rakshasas
  7 fire dragons
  A shambling mangrove (Swamp:1)
  2 hell beasts
  32 vault guards
  15 hydras
  4 peacekeepers
  6 spriggan air magi
  Erolcha (D:13)
  6 ice dragons
  17 centaur warriors
  A ghost crab (Swamp:4)
  4 jorogumos
  Erica (Lair:2)
  7 ogre magi
  A catoblepas (Lair:4)
  5 ironbound frosthearts
  6 boulder beetles
  4 radroaches
  4 tengu warriors
  A death knight (D:13)
  11 deep troll earth magi
  11 alligators
  2 vampire magi
  6 death scarabs (Spider:4)
  17 two-headed ogres
  8 deep troll shamans
  13 demonic crawlers
  Urug (D:13)
  An orc high priest (Orc:2)
  5 spriggan berserkers
  28 hell knights
  A thrashing horror (Swamp:4)
  Sonja (Lair:2)
  A sun demon (D:12)
  6 iron trolls
  3 skysharks
  A skyshark (shapeshifter) (Vaults:5)
  7 pharaoh ants
  2 goliath frogs
  A death drake (shapeshifter) (D:13)
  2 large abominations (Swamp:4)
  Lodul (D:12)
  A sun moth (Spider:3)
  An obsidian statue (Zot:5)
  5 skeletal warriors (D:15)
  2 spriggan druids (Swamp:4)
  An orange crystal statue (Depths:2)
  15 wizards
  2 flayed ghosts (Depths:3)
  5 swamp dragons
  7 bog bodies
  A shadow demon (Depths:2)
  9 orb spiders (Spider:4)
  2 orb spiders (shapeshifter)
  20 ironbound convokers
  44 deep trolls
  Pikel (D:4)
  10 lindwurms
  7 orc knights
  10 harpies
  A spectral wolf spider (Spider:4)
  A deep elf pyromancer (D:14)
  19 wolf spiders
  7 phantasmal warriors
  7 necromancers
  6 steelbarb worms
  4 manticores
  A salamander (Depths:3)
  41 ugly things
  8 cyclopes
  A faun (shapeshifter) (Vaults:5)
  An orc sorcerer (Orc:1)
  2 will-o-the-wisps
  29 moths of wrath
  25 elephants
  A stone giant skeleton (Vaults:2)
  Maurice (D:13)
  18 vault sentinels
  An orange demon (Swamp:4)
  3 torpor snails
  2 gargoyles
  3 black mambas
  14 cane toads
  3 unseen horrors
  2 rime drakes
  3 spectral redbacks (Spider:4)
  A yaktaur (shapeshifter) (D:14)
  22 yaktaurs
  2 kobold demonologists
  A redback zombie (Spider:4)
  A tengu conjurer (D:14)
  12 komodo dragons
  2 freezing wraiths
  3 efreet
  A wandering mushroom (Lair:5)
  9 meliai (Depths:3)
  13 trolls
  7 tyrant leeches
  A troll (shapeshifter) (Vaults:4)
  A bloated husk (Swamp:2)
  Grinder (D:4)
  4 polar bears
  2 tarantella zombies (Spider:4)
  A hellwing (D:6)
  12 hornets
  18 tarantellas
  2 jumping spider zombies (Spider:4)
  6 spectral tarantellas (Spider:4)
  8 blink frogs
  43 slime creatures
  8 dream sheep
  25 jumping spiders
  4 shadows
  A culicivora (shapeshifter) (Vaults:5)
  11 culicivoras
  19 spriggans
  A centaur simulacrum (D:14)
  An ettin skeleton (Vaults:2)
  3 wyverns
  15 water elementals
  2 steam dragons (D:10)
  10 wraiths
  A wyvern (shapeshifter) (Vaults:5)
  2 humans (D:11)
  50 yaks
  3 fire elementals (Spider:2)
  A hog (Lair:4)
  6 basilisks
  34 redbacks
  3 wargs
  21 vampire mosquitoes
  4 acid dragons
  13 swamp worms
  A glowing shapeshifter zombie (Vaults:3)
  2 small abominations (Swamp:4)
  A floating eye (shapeshifter) (Vaults:5)
  20 water moccasins
  3 hell hounds (Spider:2)
  A swamp drake (Swamp:3)
  5 black bears
  3 floating eyes (Depths:3)
  4 ice beasts (D:10)
  13 orc warriors
  4 sky beasts
  5 boggarts (Lair:5)
  28 ogres
  27 wolves
  2 human skeletons (Vaults:3)
  A lemure (D:4)
  5 centaurs
  2 kobold brigands
  2 phantoms (D:6)
  10 bullfrogs
  A human zombie (Vaults:2)
  A scorpion (D:5)
  A water moccasin zombie (D:6)
  A wyvern zombie (D:6)
  13 killer bees
  An electric eel (Lair:3)
  4 howler monkeys
  A crimson imp (D:5)
  5 hounds
  8 jellies
  A gnoll bouda (D:5)
  15 orc priests
  2 sleepcaps
  An iguana (D:5)
  Natasha (thrice) (D:2)
  13 orc wizards
  5 hell rats
  A killer bee zombie (D:6)
  Robin (D:2)
  7 gnolls
  15 adders
  2 white imps
  3 ufetubi
  3 dart slugs
  54 orcs
  9 endoplasms
  8 giant cockroaches
  6 hobgoblins
  15 jackals
  9 quokkas
  9 ball pythons
  8 bats
  9 frilled lizards
  19 goblins
  17 kobolds
  5 rats
1860 creatures vanquished.

Vanquished Creatures (others)
  An ancient lich (Zot:5)
  Bai Suzhen (Swamp:3)
  Nikola (Swamp:3)
  A hydra (Swamp:3)
  A ghost crab (Swamp:3)
  A swamp dragon (Swamp:3)
  A spriggan druid (Swamp:4)
  A wizard (Vaults:3)
  A cyclops (D:11)
  An ugly thing (D:14)
  A bloated husk (Swamp:3)
  A spriggan (Swamp:4)
  2 humans (Lair:5)
  A hound (D:5)
  2 orcs (D:13)
  8 foxfires
25 creatures vanquished.

Grand Total: 1885 creatures vanquished

Notes
Turn   | Place    | Note
-------+----------+-------------------------------------------
     0 | D:5      | GordonOverkill the Octopode Delver began the quest for the
                  | Orb.
     0 | D:5      | Reached XP level 1. HP: 16/16 MP: 1/1
    45 | D:6      | Reached XP level 2. HP: 5/21 MP: 2/2
   139 | D:6      | Noticed a howler monkey
   170 | D:5      | Reached skill level 1 in Shapeshifting
   170 | D:5      | Reached XP level 3. HP: 19/26 MP: 3/3
   235 | D:5      | Reached XP level 4. HP: 25/33 MP: 4/4
   296 | D:5      | Reached skill level 4 in Fighting
   476 | D:3      | Reached XP level 5. HP: 37/37 MP: 5/5
   550 | D:3      | Found a glowing drain.
   572 | Sewer    | Entered a sewer
   732 | Sewer    | Reached skill level 1 in Unarmed Combat
  1229 | D:3      | Reached skill level 1 in Throwing
  1267 | D:3      | Found a glowing silver altar of Zin.
  1296 | D:3      | Reached XP level 6. HP: 44/44 MP: 6/6
  1818 | D:2      | Noticed Robin
  1841 | D:2      | Killed Robin
  1934 | D:2      | Noticed Natasha
  1941 | D:2      | Killed Natasha
  1948 | D:2      | Noticed Natasha
  1956 | D:2      | Killed Natasha
  1957 | D:2      | Reached skill level 5 in Fighting
  2054 | D:2      | Noticed Natasha
  2070 | D:2      | Killed Natasha
  2134 | D:2      | Reached XP level 7. HP: 50/50 MP: 7/7
  3660 | D:4      | Found a bloodstained altar of Trog.
  3784 | D:4      | Noticed Pikel
  3812 | D:4      | Killed Pikel
  3813 | D:4      | Reached skill level 5 in Unarmed Combat
  3813 | D:4      | Reached XP level 8. HP: 32/55 MP: 8/8
  4168 | D:4      | Gained mutation: You occasionally shout uncontrollably at
                  | your foes. [potion of mutation]
  4168 | D:4      | Gained mutation: Your magical capacity is low. (-10% MP)
                  | [potion of mutation]
  4172 | D:4      | Reached skill level 5 in Shapeshifting
  4543 | D:4      | Noticed Grinder
  4550 | D:4      | Paralysed by Grinder for 5 turns
  4562 | D:4      | Killed Grinder
  5281 | D:5      | Found a radiant altar of Vehumet.
  5282 | D:5      | Found a burning altar of Makhleb.
  5293 | D:5      | Became a worshipper of Makhleb the Destroyer
  5914 | D:5      | Reached skill level 1 in Invocations
  5915 | D:5      | Reached XP level 9. HP: 32/61 MP: 7/9
  6468 | D:6      | Identified the +1 robe "Weihem" {rF+ Regen+}
  6496 | D:6      | Identified a scroll of acquirement
  6497 | D:6      | Acquired the +5 hat "Uhaffeik" {rC+ Str+3}
  6938 | D:7      | Noticed an unseen horror
  6959 | D:7      | Killed an unseen horror
  7201 | D:7      | Found a staircase to the Ecumenical Temple.
  7223 | D:7      | Reached skill level 5 in Invocations
  7379 | D:7      | Found a shimmering blue altar of Sif Muna.
  7884 | D:7      | Reached XP level 10. HP: 66/66 MP: 12/12
  8090 | D:8      | Reached * piety under Makhleb
  9523 | D:9      | Found Ducrem's Magic Scroll Boutique.
  9545 | D:9      | Bought a scroll of blinking for 75 gold pieces
  9545 | D:9      | Bought a scroll of teleportation for 30 gold pieces
 10233 | D:10     | Entered Level 10 of the Dungeon
 10248 | D:10     | Paralysed by a hornet for 2 turns
 10427 | D:10     | Noticed a two-headed ogre
 10729 | D:10     | Reached ** piety under Makhleb
 10955 | D:10     | Reached XP level 11. HP: 71/71 MP: 13/13
 11072 | D:10     | Found an iron altar of Okawaru.
 11085 | D:10     | Reached skill level 10 in Shapeshifting
 11160 | D:10     | Reached skill level 10 in Unarmed Combat
 11472 | D:10     | Killed a two-headed ogre
 11473 | D:10     | Found a staircase to the Lair.
 11722 | D:10     | Reached skill level 6 in Fighting
 12213 | D:10     | Found a staircase to the Orcish Mines.
 12479 | D:11     | Noticed a two-headed ogre
 12484 | D:11     | Noticed a cyclops
 12487 | D:11     | Killed a two-headed ogre
 13201 | D:11     | Reached skill level 7 in Fighting
 13556 | D:10     | Found a staircase to the Lair.
 14056 | D:10     | Found an iron altar of Okawaru.
 14311 | D:10     | Found a staircase to the Orcish Mines.
 14730 | D:11     | Noticed an orange crystal statue
 14730 | D:11     | Noticed a purple ugly thing
 14796 | D:12     | Noticed Lodul
 14895 | D:11     | Killed a purple ugly thing
 14993 | D:11     | Found an iron altar of Okawaru.
 15225 | D:11     | Learned a level 2 spell: Passwall
 15296 | Lair:1   | Entered Level 1 of the Lair of Beasts
 15298 | Lair:1   | Noticed Gastronok
 15315 | Lair:1   | Killed Gastronok
 15316 | Lair:1   | Reached skill level 1 in Spellcasting
 15316 | Lair:1   | Reached skill level 1 in Transmutations
 15316 | Lair:1   | Reached skill level 1 in Earth Magic
 15316 | Lair:1   | Reached XP level 12. HP: 74/82 MP: 14/14
 15478 | Lair:1   | Reached *** piety under Makhleb
 16073 | Lair:1   | Reached skill level 8 in Fighting
 16638 | Lair:2   | Noticed Erica
 16638 | Lair:2   | Noticed a skyshark
 16655 | Lair:2   | Killed a skyshark
 16673 | Lair:2   | Killed Erica
 16707 | Lair:2   | You fall into a shaft and drop 1 floor!
 17024 | Lair:3   | Found a staircase to the Swamp.
 17267 | Lair:3   | Found a hole to the Spider Nest.
 18223 | Lair:4   | Reached skill level 9 in Fighting
 18227 | Lair:4   | Reached XP level 13. HP: 90/90 MP: 15/15
 18386 | Lair:4   | Found a hide-covered altar of Uskayaw.
 18488 | Lair:4   | Reached skill level 5 in Dodging
 18516 | Lair:4   | Reached **** piety under Makhleb
 19633 | Lair:4   | Found a staircase to the Slime Pits.
 19634 | Lair:4   | Found a viscous altar of Jiyva.
 19689 | Lair:4   | Acquired a manual of Unarmed Combat
 20044 | Lair:5   | Entered Level 5 of the Lair of Beasts
 20223 | Lair:5   | Noticed Kirke
 20229 | Lair:4   | Reached skill level 1 in Evocations
 20269 | Lair:4   | Killed Kirke
 20591 | Lair:5   | Reached skill level 10 in Fighting
 21624 | Lair:5   | Reached XP level 14. HP: 65/99 MP: 16/16
 22052 | Lair:5   | Paralysed by a hornet for 3 turns
 22294 | Lair:5   | Paralysed by a hornet for 3 turns
 22374 | Lair:5   | Identified the +0 cloak of Orthodoxy {Dex+3}
 22572 | Lair:5   | Reached ***** piety under Makhleb
 22841 | Lair:5   | Found the +4 Cigotuvi's embrace {Corpsefed rMiasma Drain
                  | rN+}
 22866 | Lair:5   | Reached skill level 15 in Unarmed Combat
 23379 | Lair:2   | Noticed Sonja
 23694 | Lair:2   | Killed Sonja
 24360 | Orc:1    | Entered Level 1 of the Orcish Mines
 25036 | Orc:2    | Entered Level 2 of the Orcish Mines
 25036 | Orc:2    | Found a staircase to the Elven Halls.
 25055 | Orc:1    | Paralysed by an orc sorcerer for 3 turns
 26413 | Orc:2    | Reached XP level 15. HP: 98/105 MP: 17/17
 26514 | Orc:2    | Reached skill level 11 in Fighting
 26633 | Orc:2    | Found Saent's Assorted Antiques.
 26641 | Orc:2    | Bought a scroll of blinking for 247 gold pieces
 26641 | Orc:2    | Bought a twisted ivory ring for 165 gold pieces
 26641 | Orc:2    | Bought a wand of quicksilver (6) for 831 gold pieces
 26641 | Orc:2    | Bought a potion of mutation for 264 gold pieces
 26687 | Orc:2    | Found Porch's Jewellery Emporium.
 26689 | Orc:2    | Found Qaick's Magic Scroll Shoppe.
 26735 | Orc:2    | Found Yhext's Jewellery Boutique.
 26740 | Orc:2    | Found Deckishro's Magic Scroll Emporium.
 26886 | D:12     | Reached ****** piety under Makhleb
 26903 | D:12     | Killed Lodul
 27334 | Orc:2    | Bought a +4 ring of protection for 360 gold pieces
 27497 | D:12     | Identified the +3 lajatang of Hepliaklqana's Outrage {pain,
                  | Int+2}
 27524 | D:12     | Noticed Jorgrun
 27571 | D:12     | Killed Jorgrun
 27966 | D:13     | Noticed Urug
 29446 | D:13     | Identified the +6 war axe "Zypryug" {freeze, Will+ Int+3
                  | SInv}
 29522 | D:13     | Noticed Erolcha
 29531 | D:13     | Killed Erolcha
 29672 | D:13     | Identified the +1 hand axe of Judgement {drain, rPois Int+3
                  | Dex+2 Stlth+}
 29733 | D:13     | Reached skill level 12 in Fighting
 29768 | D:13     | Found Rosuruol's Weapon Emporium.
 29843 | D:13     | Noticed Maurice
 29849 | D:13     | Killed Maurice
 30022 | D:13     | Reached skill level 10 in Dodging
 30062 | D:13     | Killed Urug
 30660 | D:13     | Learned a level 1 spell: Apportation
 30666 | D:13     | Learned a level 5 spell: Borgnjor's Vile Clutch
 30815 | D:14     | Noticed Nessos
 30825 | D:14     | Killed Nessos
 30913 | D:14     | Noticed Josephine
 30928 | D:14     | Killed Josephine
 31059 | D:14     | Reached XP level 16. HP: 114/114 MP: 18/18
 31282 | D:14     | Found a gate to the Vaults.
 31483 | D:15     | Entered Level 15 of the Dungeon
 31758 | D:15     | Found an ornate altar of the Wu Jian Council.
 31875 | D:15     | Found a staircase to the Depths.
 31906 | D:15     | Reached skill level 13 in Fighting
 32196 | D:15     | Reached skill level 15 in Shapeshifting
 32541 | Spider:1 | Entered Level 1 of the Spider Nest
 32541 | Spider:1 | Noticed Asterion
 32543 | Spider:1 | Killed Asterion
 32582 | Spider:1 | Noticed Mlioglotl
 32590 | Spider:1 | Killed Mlioglotl
 32972 | Spider:2 | Noticed Azrael
 32986 | Spider:2 | Killed Azrael
 33055 | Spider:2 | Reached skill level 14 in Fighting
 33502 | Spider:2 | Reached XP level 17. HP: 125/125 MP: 20/20
 33981 | Spider:3 | Noticed Donald
 33992 | Spider:3 | Killed Donald
 34991 | Spider:4 | Entered Level 4 of the Spider Nest
 35041 | Spider:4 | Reached skill level 15 in Fighting
 35084 | Spider:4 | Reached skill level 10 in Invocations
 36485 | Spider:4 | Reached skill level 5 in Evocations
 36814 | Spider:4 | Reached XP level 18. HP: 134/134 MP: 22/22
 36902 | Spider:4 | Found the +3 Mad Mage's Maulers {Infuse+∞ VampMP -Cast}
 36916 | Spider:4 | Got a gossamer rune of Zot
 37363 | Vaults:1 | Entered Level 1 of the Vaults
 37543 | Orc:2    | Bought a ring of willpower for 375 gold pieces
 37543 | Orc:2    | Bought a +5 ring of evasion for 540 gold pieces
 37543 | Orc:2    | Bought a ring of protection from cold for 375 gold pieces
 37552 | Orc:2    | Bought a +5 ring of evasion for 360 gold pieces
 38051 | Vaults:1 | Identified the +3 long sword "Qoigyext" {spect, Int+4
                  | Stlth-}
 38253 | Vaults:1 | Found a transporter.
 38296 | Vaults:1 | Found a transporter.
 38394 | Vaults:1 | Reached skill level 16 in Fighting
 38595 | Vaults:1 | You fall into a shaft and drop 1 floor!
 38708 | Vaults:1 | Reached skill level 10 in Stealth
 39410 | Vaults:2 | Found a staircase to the Crypt.
 39442 | Vaults:2 | Noticed a lich
 39453 | Vaults:2 | Killed a lich
 39454 | Vaults:2 | Reached XP level 19. HP: 142/142 MP: 23/23
 39763 | Vaults:2 | Noticed a dread lich
 39766 | Vaults:2 | Killed a dread lich
 39984 | Vaults:2 | Reached skill level 17 in Fighting
 40448 | Vaults:3 | Reached skill level 18 in Fighting
 40703 | Vaults:3 | Noticed a golden dragon
 40706 | Vaults:3 | Killed a golden dragon
 41137 | Vaults:4 | Found Gozag's Antique Weapon Shop.
 41139 | Vaults:4 | Found Gozag's Assorted Antiques.
 41141 | Vaults:4 | Found an opulent altar of Gozag.
 41153 | Vaults:4 | Reached skill level 19 in Fighting
 41156 | Vaults:4 | Found Gozag's Assorted Antiques.
 41384 | Vaults:4 | Bought a wooden ring for 500 gold pieces
 41547 | Vaults:4 | Noticed an Ice Fiend
 41710 | Vaults:4 | Noticed a tentacled monstrosity
 41714 | Vaults:4 | Reached XP level 20. HP: 158/158 MP: 24/24
 41787 | Vaults:4 | Reached skill level 20 in Fighting
 42856 | Swamp:1  | Entered Level 1 of the Swamp
 44050 | Swamp:3  | Noticed Bai Suzhen
 44067 | Swamp:3  | Killed Bai Suzhen
 44836 | Swamp:4  | Entered Level 4 of the Swamp
 44982 | Swamp:4  | Noticed Nikola
 45133 | Swamp:3  | Killed Nikola
 45538 | Swamp:4  | Reached skill level 1 in Shields
 45623 | Swamp:4  | Noticed the 27-headed Lernaean hydra
 45630 | Swamp:4  | Killed the 27-headed Lernaean hydra
 45660 | Swamp:4  | Got a decaying rune of Zot
 46225 | Depths:1 | Entered Level 1 of the Depths
 46226 | Depths:1 | Noticed Norris
 46234 | Depths:1 | Reached XP level 21. HP: 164/164 MP: 13/25
 46236 | Depths:1 | Noticed a juggernaut
 46242 | Depths:1 | Killed Norris
 46251 | Depths:1 | Killed a juggernaut
 46259 | Depths:1 | Reached skill level 5 in Shields
 46586 | Depths:1 | Found a sacrificial altar of Ru.
 46610 | Depths:1 | Noticed Aizul
 46624 | Depths:1 | Killed Aizul
 46926 | Depths:1 | Found a gateway to Hell.
 47084 | Depths:2 | Found a one-way gate leading to the halls of Pandemonium.
 47115 | Depths:2 | Reached skill level 10 in Shields
 47592 | Depths:2 | Found a burning altar of Makhleb.
 47603 | Depths:2 | Identified the ring "Woinomn" {rPois rN+ Str+3}
 47615 | Depths:2 | Got the Octavo of Discontinuous Weather
 47619 | Depths:2 | Got the Octavo of the Bright Nimbus
 47621 | Depths:2 | Got the Excursus on the Cemetery and Phantasms
 47999 | Depths:3 | Noticed a juggernaut
 48010 | Depths:3 | Killed a juggernaut
 48011 | Depths:3 | Noticed a juggernaut
 48032 | Depths:3 | Killed a juggernaut
 48058 | Depths:3 | Reached XP level 22. HP: 172/172 MP: 26/26
 48639 | Depths:3 | Noticed a golden dragon
 48675 | Depths:3 | Paralysed by a floating eye for 4 turns
 48705 | Depths:3 | Reached skill level 21 in Fighting
 48761 | Depths:3 | Noticed a golden dragon
 48794 | Depths:3 | Killed a golden dragon
 48838 | Depths:3 | Noticed a golden dragon
 48844 | Depths:3 | Noticed a caustic shrike
 48848 | Depths:3 | Killed a caustic shrike
 48855 | Depths:3 | Killed a golden dragon
 48939 | Depths:3 | Noticed a golden dragon
 48944 | Depths:3 | Killed a golden dragon
 48949 | Depths:3 | Paralysed by a floating eye for 4 turns
 48960 | Depths:3 | Identified the ring "Sehuo" {rC+++ Will- rCorr SInv Stlth+}
 48986 | Depths:3 | Found a one-way gate to the infinite horrors of the Abyss.
 49033 | Depths:3 | Killed a golden dragon
 49103 | Depths:3 | Noticed a golden dragon
 49110 | Depths:3 | Identified the +3 buckler of Past Mistakes {Harm rN+}
 49137 | Depths:3 | Reached skill level 22 in Fighting
 49139 | Depths:3 | Killed a golden dragon
 49618 | Depths:4 | Entered Level 4 of the Depths
 49931 | Depths:4 | Found a gate to the Realm of Zot.
 50069 | Depths:4 | Reached skill level 10 in Evocations
 50240 | Depths:4 | Noticed Margery
 50261 | Depths:4 | Killed Margery
 50319 | Depths:4 | Reached XP level 23. HP: 182/182 MP: 27/27
 50548 | Depths:4 | Found a one-way gateway to a ziggurat.
 50564 | Depths:4 | Noticed a caustic shrike
 50565 | Depths:4 | Noticed a caustic shrike
 50566 | Depths:4 | Noticed a caustic shrike
 50571 | Depths:4 | Killed a caustic shrike
 50887 | Depths:4 | Killed a caustic shrike
 50891 | Depths:4 | Killed a caustic shrike
 51017 | Depths:4 | Noticed a caustic shrike
 51017 | Depths:4 | Noticed a caustic shrike
 51018 | Depths:4 | Noticed a caustic shrike
 51025 | Depths:4 | Killed a caustic shrike
 51027 | Depths:4 | Killed a caustic shrike
 51030 | Depths:4 | Killed a caustic shrike
 51470 | Vaults:5 | Entered Level 5 of the Vaults
 51882 | Vaults:4 | Reached skill level 15 in Evocations
 51899 | Vaults:4 | Paralysed by a sphinx for 3 turns
 52021 | Vaults:5 | Got a silver rune of Zot
 52128 | Vaults:5 | Identified the +6 scimitar of Hell's Wrath {heavy, SInv}
 52224 | Vaults:5 | Reached skill level 23 in Fighting
 52259 | Vaults:5 | Reached XP level 24. HP: 192/192 MP: 27/27
 52747 | Vaults:5 | Identified the +7 great sword of Luhyud {venom, SInv}
 52789 | Vaults:5 | Identified the +5 spear of Sloth {freeze, Will+}
 53075 | Vaults:5 | Identified the +1 short sword of the Thieving Dragonfly
                  | {speed, Str-2 Int+5 Stlth+}
 53260 | Vaults:5 | Noticed an ancient lich
 53265 | Vaults:5 | Killed an ancient lich
 53591 | Zot:1    | Entered Level 1 of the Realm of Zot
 53637 | Zot:1    | Reached skill level 24 in Fighting
 54388 | Zot:2    | Reached skill level 25 in Fighting
 55001 | Zot:3    | Noticed a curse toe
 55005 | Zot:3    | Killed a curse toe
 55011 | Zot:3    | Noticed an orb of fire
 55013 | Zot:3    | Gained mutation: Potions are less effective at restoring
                  | your health. [an orb of fire]
 55014 | Zot:3    | Gained mutation: Your magical capacity is very low. (-20%
                  | MP) [an orb of fire]
 55014 | Zot:3    | Gained mutation: You are dopey. (Int -2) [an orb of fire]
 55020 | Zot:3    | Gained mutation: You are very dopey. (Int -4) [an orb of
                  | fire]
 55022 | Zot:3    | Killed an orb of fire
 55265 | Zot:3    | Noticed a curse toe
 55273 | Zot:3    | Killed a curse toe
 55675 | Zot:3    | Noticed a curse toe
 55679 | Zot:3    | Killed a curse toe
 55680 | Zot:3    | Reached skill level 26 in Fighting
 56006 | Zot:4    | Reached XP level 25. HP: 207/207 MP: 24/24
 56803 | Zot:5    | Entered Level 5 of the Realm of Zot
 56889 | Zot:5    | Paralysed by a Zot trap for 5 turns
 56892 | Zot:5    | Noticed a dread lich
 56898 | Zot:5    | Noticed an ancient lich
 56907 | Zot:5    | Killed a dread lich
 56908 | Zot:5    | Noticed an orb of fire
 56912 | Zot:4    | Killed an ancient lich
 56919 | Zot:5    | Gained mutation: You frequently scream uncontrollably at
                  | your foes. [an orb of fire]
 56925 | Zot:4    | Gained mutation: You occasionally lose the ability to drink
                  | potions when taking damage. [an orb of fire]
 56929 | Zot:4    | Killed an orb of fire
 56988 | Zot:4    | Lost mutation: Potions are less effective at restoring your
                  | health. [potion of mutation]
 56988 | Zot:4    | Lost mutation: You are very dopey. (Int -4) [potion of
                  | mutation]
 56988 | Zot:4    | Gained mutation: You sometimes lose your temper in combat.
                  | [potion of mutation]
 56988 | Zot:4    | Gained mutation: Your spells are a little harder to cast,
                  | but a little more powerful. [potion of mutation]
 56989 | Zot:4    | Lost mutation: You are dopey. (Int -2) [potion of mutation]
 56989 | Zot:4    | Lost mutation: You occasionally lose the ability to drink
                  | potions when taking damage. [potion of mutation]
 56989 | Zot:4    | Gained mutation: Your flesh is cold resistant. (rC+)
                  | [potion of mutation]
 56990 | Zot:4    | Lost mutation: Your magical capacity is very low. (-20% MP)
                  | [potion of mutation]
 56990 | Zot:4    | Lost mutation: Your magical capacity is low. (-10% MP)
                  | [potion of mutation]
 56990 | Zot:4    | Gained mutation: Your muscles are strong. (Str +4, Int/Dex
                  | -1) [potion of mutation]
 56990 | Zot:4    | Gained mutation: You are covered in fur. (AC +1) [potion of
                  | mutation]
 56990 | Zot:4    | Gained mutation: Your flesh is very cold resistant. (rC++)
                  | [potion of mutation]
 57067 | Zot:5    | Noticed a Killer Klown
 57071 | Zot:5    | Killed a Killer Klown
 57078 | Zot:5    | Noticed an ancient lich
 57078 | Zot:5    | Noticed a dread lich
 57081 | Zot:5    | Killed a dread lich
 57084 | Zot:5    | Killed an ancient lich
 57091 | Zot:5    | Noticed an ancient lich
 57102 | Zot:5    | Noticed a dread lich
 57104 | Zot:5    | Killed an ancient lich
 57108 | Zot:5    | Killed a dread lich
 57257 | Zot:5    | Noticed an orb of fire
 57263 | Zot:5    | Killed an orb of fire
 57276 | Zot:5    | Noticed a dread lich
 57286 | Zot:5    | Noticed a dread lich
 57289 | Zot:5    | Killed a dread lich
 57294 | Zot:5    | Killed a dread lich
 57294 | Zot:5    | Noticed a dread lich
 57296 | Zot:5    | Noticed an ancient lich
 57296 | Zot:5    | Noticed an ancient lich
 57296 | Zot:5    | Killed a dread lich
 57303 | Zot:5    | Killed an ancient lich
 57305 | Zot:5    | Killed an ancient lich
 57407 | Zot:5    | Reached XP level 26. HP: 216/216 MP: 30/30
 57501 | Zot:5    | Noticed a dread lich
 57511 | Zot:5    | Killed a dread lich
 57656 | Zot:5    | Lost mutation: Your muscles are strong. (Str +4, Int/Dex
                  | -1) [potion of mutation]
 57656 | Zot:5    | Lost mutation: Your spells are a little harder to cast, but
                  | a little more powerful. [potion of mutation]
 57656 | Zot:5    | Lost mutation: Your flesh is very cold resistant. (rC++)
                  | [potion of mutation]
 57656 | Zot:5    | Gained mutation: One of your tentacles bears a spike.
                  | [potion of mutation]
 57656 | Zot:5    | Gained mutation: You are clumsy. (Dex -2) [potion of
                  | mutation]
 57656 | Zot:5    | Gained mutation: Your system is resistant to poisons.
                  | (rPois) [potion of mutation]
 57657 | Zot:5    | Lost mutation: Your flesh is cold resistant. (rC+) [potion
                  | of mutation]
 57657 | Zot:5    | Lost mutation: You sometimes lose your temper in combat.
                  | [potion of mutation]
 57657 | Zot:5    | Gained mutation: Your flesh is heat resistant. (rF+)
                  | [potion of mutation]
 57657 | Zot:5    | Gained mutation: One of your tentacles bears a nasty spike.
                  | [potion of mutation]
 57811 | Zot:5    | Noticed a Killer Klown
 57820 | Zot:5    | a Killer Klown changed into a rockslime
 57884 | Zot:5    | Gained mutation: You are frail. (-10% HP) [a neqoxec]
 58280 | Zot:5    | Got the Orb of Zot
 58423 | Depths:2 | Noticed a seraph
 58898 | D:$      | Escaped with the Orb!

Illustrated notes

Levels and vault maps discovered:
D:1:      eino_arrival_cavern_d, layout_rooms
D:2:      layout_loops_ring, uniq_robin, uniq_natasha
D:3:      layout_loops_ring, mainiacjoe_overflow_surrounded_room,
          gup_sewer_entry_pipe
D:4:      kennysheep_big_flooded_room, layout_loops_ring,
          trog_three_pillars_becter, uniq_grinder, uniq_pikel
D:5:      layout_basic, grunt_temple_overflow_lords_of_destruction,
          kennysheep_opposing_triangles
D:6:      layout_rooms, serial_undead, serial_undead_c, serial_undead_c,
          serial_undead_b, serial_undead_e
D:7:      layout_loops_corners, lemuel_round_altar,
          minmay_temple_entry_glassed_door, corexii_checkpoint_b
D:8:      layout_loops_ring
D:9:      layout_loops_ring, serial_shops, nicolae_diamond_shop
D:10:     layout_basic, lemuel_doored_altar, hellmonk_lair_entry_icy,
          orc_0_dummy, hangedman_misty_isle
D:11:     layout_loops_cross, serial_shops, statue_bzr, okawaru_humans
D:12:     layout_basic, uniq_lodul, uniq_jorgrun
D:13:     minmay_the_grid_3x2 [minmay_the_grid_box_x,
          minmay_the_grid_diamond_grid, minmay_the_grid_spikes,
          minmay_the_grid_zigzag_pyramid, minmay_the_grid_aliased_spiral,
          minmay_the_grid_prize_shrinking_boxes], layout_loops_corners,
          serial_shops, nicolae_lakefront_shop, uniq_maurice, uniq_erolcha,
          uniq_urug
D:14:     layout_long_grid, lightli_vaults_fourway_checkpoint,
          grunt_decor_arrowhead, uniq_nessos, uniq_josephine
D:15:     grunt_enter_depths_giant_problem, layout_long_grid,
          nzn_wu_jian_contemplation, minmay_stone_trees_large,
          minmay_diced_spiral
Lair:1:   layout_cave_pods, grunt_megastairs_1, uniq_gastronok
Lair:2:   layout_cave_pods, chequers_serial_rivers_marsh, uniq_erica, uniq_sonja
Lair:3:   layout_regular_city, nicolae_swamp_entry_splash_gauntlet,
          spider_nest_entry_web_field, serial_bayou_shore_b
Lair:4:   layout_roguey, minmay_slime_entry_pillars, basic_altar,
          infiniplex_staircase_pool_2
Lair:5:   minmay_lair_end_enchanted_forest, layout_cave_shapes, uniq_kirke
Swamp:1:  layout_basic_swamp, nicolae_swamp_feature_on_the_river_bank,
          nicolae_swamp_round_clearing, swamp_pool1
Swamp:2:  layout_basic_swamp, nicolae_swamp_some_circles
Swamp:3:  layout_falls_marsh, evilmike_swamp_ruin_house_2, uniq_bai_suzhen
Swamp:4:  swamp_vile, layout_basic_swamp, nicolae_swamp_alligator_family,
          uniq_nikola
Spider:1: nicolae_spider_obnoxious_hallway, uniq_mlioglotl, uniq_asterion
Spider:2: layout_spider_delve, uniq_azrael
Spider:3: layout_chambers, uniq_donald
Spider:4: floodkiller_spider_rune_tomb, worms_lemuel
Orc:1:    layout_diamond_mine
Orc:2:    st_orc_open, layout_diamond_mine, serial_shops, shop
Vaults:1: infiniplex_enter_wizlab_spiral, nicolae_vaults_wrenched,
          vaults_standard_mumra_lines, v_pattern_3, nicolae_vaults_asterisk,
          nicolae_vaults_little_squares_1, nicolae_vaults_twisting_passages,
          grunt_vaults_focal, v_rooms_1, hangedman_vaults_stagger,
          gammafunk_dig_for_victory, grunt_vaults_hallway_short,
          vaults_dpeg_ring, nicolae_vaults_tetromino_T_1,
          nicolae_vaults_double_plus_1, layout_vaults_omnibox
Vaults:2: ontoclasm_vaults_claustrophobia, grunt_vaults_twisty,
          minmay_crypt_entry_simple_sparse, hangedman_vaults_stitches,
          v_misc_19, nicolae_vaults_library_corner, v_pattern_1, v_misc_14,
          v_misc_31, v_misc_18, layout_vaults_big_room
Vaults:3: nicolae_vaults_three_branches, nicolae_vaults_ellipses_ellipsis,
          vaults_dpeg_hooks, v_misc_23, hangedman_vaults_maws, v_pattern_5,
          v_misc_30, v_alt_pattern_5, nicolae_vaults_trapezoid_4,
          nicolae_vaults_diamond_2, nicolae_vaults_murderbox,
          nicolae_vaults_two_Ls, nicolae_vaults_little_squares_2,
          layout_vaults_ring, serial_glass
Vaults:4: nicolae_vaults_big_angled_halls, dpeg_vaults_monster_row, v_misc_16,
          kennysheep_vaults_gozag_temple, hangedman_vaults_maws,
          hangedman_vaults_maws, vaults_room_pools, ontoclasm_vaults_fault,
          vaults_room_ringed_pool, layout_vaults_quadrants
Vaults:5: serial_shops
Depths:1: layout_gridlike, hell_entry, serial_bayou, serial_bayou_lagoon_a,
          serial_bayou_shore_b, serial_bayou_pond_c, serial_bayou_pond_d,
          serial_bayou_pond_e, eino_small_chamber_without_monster,
          nicolae_ru_great_annihilating_truth, serial_bayou_shore_b,
          kennysheep_random_hallway, uniq_aizul, uniq_norris
Depths:2: evilmike_makhleb_hellhole, layout_basic, minmay_misc_feat_tiny,
          hangedman_coc_ice_floe, pan_entry, minivault_16,
          nrook_kobold_shadow_demons, minmay_staircase_windowed_large
Depths:3: box_level_dp, hell_entry, serial_shops, abyss_entry, uniq_josephina
Depths:4: evilmike_zot_entry_argh, layout_honeycomb, enter_ziggurat_a,
          minmay_tree_intersection, hell_entry, nicolae_two_hexagons,
          uniq_margery
Zot:1:    layout_onion_interference
Zot:2:    layout_misc_corridors, grunt_megastairs_2, lemuel_elevator
Zot:3:    layout_twisted_circle
Zot:4:    layout_onion
Zot:5:    layout_basic

Skill      XL: |  1  2  3  4  5  6  7  8  9 10 11 12 13 14 15 16 17 18 19 20 21 22 23 24 25 26 |
---------------+-------------------------------------------------------------------------------+-----
Shapeshifting  | 1 2 3 4 6 8 9 11 12 13 14 15 16 | 16.0
Fighting       | 4 5 7 9 10 12 14 15 16 19 20 22 23 26 | 26.4
Unarmed Combat | 1 2 5 6 9 10 13 16 17 18 19 20 23 24 | 24.3
Throwing       | 1 |  1.0
Invocations    | 1 5 8 10 | 10.0
Spellcasting   | 1 3 |  3.0
Transmutations | 1 3 |  3.0
Earth Magic    | 1 3 |  3.0
Dodging        | 4 7 8 10 11 14 | 14.0
Evocations     | 3 5 11 15 | 15.0
Stealth        | 12 | 12.0
Shields        | 3 12 | 12.0
Short Blades   | |  2.6

Action                     |  1- 3 |  4- 6 |  7- 9 | 10-12 | 13-15 | 16-18 | 19-21 | 22-24 | 25-27 || total
---------------------------+-------+-------+-------+-------+-------+-------+-------+-------+-------++-------
  Melee: Short sword       |    27 |   104 |       |       |       |       |       |       |       ||   131
         Tentacles         |     5 |    23 |    42 |     5 |    17 |   223 |   243 |   241 |   101 ||   900
         Punch             |     2 |     1 |     7 |     1 |     3 |   121 |   140 |   137 |    51 ||   463
         Constrict         |     5 |    30 |    58 |   104 |   214 |   135 |   112 |   124 |    50 ||   832
         Dagger            |       |    26 |   162 |    12 |       |       |       |       |       ||   200
         Unarmed           |       |       |   103 |   495 |  1153 |   850 |   988 |   817 |   303 ||  4709
         Kick              |       |       |       |       |       |       |       |       |    24 ||    24
         Tailslap          |       |       |       |       |       |       |       |       |     2 ||     2
         Bite              |       |       |       |       |       |       |       |       |     2 ||     2
  Evoke: Wand              |       |       |     3 |     9 |    28 |    20 |       |    23 |     3 ||    86
         Tin of tremorston |       |       |       |       |       |       |       |     4 |       ||     4
    Use: Potion            |     1 |       |     3 |     5 |     2 |     2 |     1 |     4 |     6 ||    24
         Scroll            |       |     1 |    12 |    12 |    11 |     5 |     1 |    13 |     1 ||    56
   Stab: Sleeping          |       |    26 |    25 |    13 |     4 |    12 |    22 |    17 |     3 ||   122
         Distracted        |       |       |     1 |     2 |     3 |     1 |     2 |     2 |     1 ||    12
         Invisible         |       |       |       |       |       |       |       |     2 |     3 ||     5
 Armour: Skin              |     1 |     9 |    60 |   110 |   231 |   475 |   378 |   425 |    93 ||  1782
  Dodge: Dodged            |    14 |    51 |   159 |   252 |  1189 |  1890 |  2000 |   984 |   156 ||  6695
  Block: Kite shield       |       |       |       |       |       |   129 |   725 |   508 |       ||  1362
         Reflection        |       |       |       |       |       |       |     6 |    20 |     3 ||    29
         Tower shield      |       |       |       |       |       |       |       |   637 |   308 ||   945
         Other             |       |       |       |       |       |       |       |       |     1 ||     1
   Form: Beast             |     1 |       |       |       |       |       |       |       |       ||     1
         Anaconda          |       |       |     1 |     1 |       |       |       |       |       ||     2
                           |       |       |       |     1 |       |       |       |       |     1 ||     2
         Statue            |       |       |       |       |     1 |       |     1 |       |       ||     2
         Dragon            |       |       |       |       |       |       |     1 |       |     1 ||     2

Table legend: (Time is in decaauts)
 A = Elapsed time spent in this place.
 B = Non-inter-level travel time spent in this place.
 C = Inter-level travel time spent in this place.
 D = Time resting spent in this place.
 E = Time spent auto-exploring this place.
 F = Levels seen in this place.
 G = Mean time per level.
                   A        B        C        D        E       F      G
               +--------+--------+--------+--------+--------+-----+--------+
         Total |  72231 |  65897 |   6334 |  18053 |  32233 |  45 | 1605.1 |
       Dungeon |  23293 |  20625 |   2668 |   7436 |   9454 |  15 | 1552.9 |
          Lair |   9284 |   8410 |    874 |   3357 |   3125 |   5 | 1856.8 |
         Swamp |   5228 |   4851 |    377 |   1211 |   2533 |   4 | 1307.0 |
   Spider Nest |   6945 |   6479 |    466 |   1612 |   3158 |   4 | 1736.2 |
  Orcish Mines |   2196 |   1861 |    335 |    816 |    377 |   2 | 1098.0 |
        Vaults |  10105 |   9567 |    538 |    832 |   6298 |   5 | 2021.0 |
        Depths |   7743 |   7099 |    644 |   1030 |   4300 |   4 | 1935.8 |
           Zot |   6911 |   6483 |    428 |   1517 |   2841 |   5 | 1382.2 |
         Sewer |    522 |    522 |      0 |    239 |    145 |   1 |  522.0 |
               +--------+--------+--------+--------+--------+-----+--------+

Top non-repeatable levels by time:
    D:10: 4061 daAuts
Depths:3: 3151 daAuts
  Lair:4: 2999 daAuts
Vaults:4: 2865 daAuts
Spider:4: 2535 daAuts
  Lair:5: 2363 daAuts
    D:12: 2300 daAuts
Spider:3: 2283 daAuts
Vaults:5: 2087 daAuts
Vaults:1: 2058 daAuts
    D:13: 1934 daAuts
Depths:4: 1806 daAuts
 Swamp:3: 1757 daAuts
     D:5: 1736 daAuts
   Zot:4: 1679 daAuts
